 Dungeon Crawl Stone Soup version 0.30-a0-5-g3a90980b9d (webtiles) character file.

Game seed: 2727235320269823213

21 PentaManta the Changer (level 2, -3/21 HPs)
             Began as a Merfolk Transmuter on Aug 22, 2022.
             Killed by nerve-wracking pain
             ... invoked by Jessica
              (10 damage)
             ... on level 2 of the Dungeon.
             The game lasted 00:01:32 (1191 turns).

PentaManta the Changer (Merfolk Transmuter)         Turns: 1191, Time: 00:01:32

Health: -3/21      AC:  2    Str: 10    XL:     2   Next: 83%
Magic:  4/5        EV: 12    Int: 12    God:
Gold:   30         SH:  0    Dex: 14    Spells: 4/5 levels left

rFire   . . .      SeeInvis .      - Unarmed
rCold   . . .      Faith    .    (no shield)
rNeg    . . .      Spirit   .    a - +0 robe
rPois   .          Reflect  .    (helmet currently unavailable)
rElec   .          Harm     .    (no cloak)
rCorr   .          Rampage  .    (no gloves)
Will    .....                    (boots currently unavailable)
Stlth   +.........               (no amulet)
HPRegen 0.07/turn                (no ring)
MPRegen 0.09/turn                (no ring)

@: appendages (expiring)
A: horns 2, (nimble swimmer 2), mertail
a: End Transformation


You were on level 2 of the Dungeon.
You had temporarily grown beastly horns.
You visited 1 branch of the dungeon, and saw 2 of its levels.

You collected 30 gold pieces.

Inventory:

Armour
 a - a +0 robe (worn)
Scrolls
 c - a scroll of summoning {unknown}
 d - a scroll of magic mapping {unknown}
 e - 2 scrolls of fog {unknown}
 f - a scroll of identify {unknown}
Potions
 b - a potion of lignification


   Skills:
 - Level 1.1 Fighting
 - Level 2.6 Dodging
 - Level 3.2 Unarmed Combat
 - Level 2.0 Spellcasting
 + Level 4.4 Transmutations


You had 4 spell levels left.
You knew the following spells:

 Your Spells              Type           Power      Damage    Failure   Level
a - Beastly Appendage     Tmut           22%        N/A       4%          1

Your spell library contained the following spells:

 Spells                   Type           Power      Damage    Failure   Level
 Wereblood                Tmut           11%        N/A       7%          2
 Spider Form              Tmut/Pois      6%         N/A       32%         3
 Ice Form                 Ice/Tmut       6%         N/A       73%         4


Dungeon Overview and Level Annotations

Branches:
Dungeon (2/15)

Altars:

Annotations:
D:2 Jessica, Sigmund, Terence


Innate Abilities, Weirdness & Mutations

You have temporarily grown beastly horns.
((You are very nimble when in or above water. (Stealth+, EV+, Speed+++)))
Your lower body shifts to a powerful aquatic tail in water.


Message History

Your horns disappear.
e - 2 scrolls labelled PIOC ISUROMOH (gained 1)
Found a stone staircase leading down.
An endoplasm comes into view.
An endoplasm is nearby!
You grow a pair of large bovine horns.
The endoplasm quivers.
Jessica and a hobgoblin come into view.
Jessica is wielding a +7 club and wearing a +0 robe of willpower.
Jessica shouts!
Jessica says, "Why did you come here?"
The hobgoblin shouts!
Jessica casts a spell.
Jessica blinks!
The hobgoblin throws a stone.
The stone hits you.
You hit the endoplasm.
The endoplasm is moderately wounded.
The endoplasm closely misses you.
You hit the endoplasm.
The endoplasm is almost dead.
The endoplasm hits you.
The hobgoblin throws a stone.
The stone hits you.
You hit the endoplasm.
You kill the endoplasm!
The hobgoblin throws a stone.
The stone hits you but does no damage.
The hobgoblin throws a stone.
The stone misses you.
Your transformation is almost over.
You extend your transformation's duration.
You hit Jessica but do no damage.
Jessica gestures wildly while chanting.
Jessica blinks!
Your transformation is almost over.
Jessica points at you and mumbles some strange words.
Pain shoots through your body!
You hit the hobgoblin.
The hobgoblin is almost dead.
You hit the hobgoblin.
You kill the hobgoblin!
You closely miss Jessica.
Jessica points at you and mumbles some strange words.
Pain shoots through your body!
You die...

#..
.......>...
#...
@......... ...
....#...# #..
#.....#
#..###.....#.
#.............
##.#.......#..
.. #@#....##
## #@######
#.# #.# #.#
#.# #.# #.#
#.# #.#


You could see Jessica.

Vanquished Creatures
  A dart slug (D:2)
  2 endoplasms
  4 hobgoblins
  A quokka (D:2)
  2 ball pythons
  A bat (D:2)
  2 frilled lizards (D:1)
  2 goblins
  3 kobolds
  A rat (D:2)
19 creatures vanquished.

Notes
Turn   | Place    | Note
-------+----------+-------------------------------------------
     0 | D:1      | PentaManta the Merfolk Transmuter began the quest for the
                  | Orb.
     0 | D:1      | Reached XP level 1. HP: 15/15 MP: 3/3
    72 | D:1      | Reached skill level 3 in Transmutations
   277 | D:1      | Reached XP level 2. HP: 9/21 MP: 5/5
   611 | D:2      | Noticed Terence
   627 | D:2      | Reached skill level 4 in Transmutations
   892 | D:2      | Noticed Sigmund
  1173 | D:2      | Noticed Jessica
  1191 | D:2      | Killed from afar by Jessica

Illustrated notes

Levels and vault maps discovered:
D:1:      matt_arrival_los_fun, layout_rooms,
          shapermc_ecumenical_altar_starsandcircs, due_unseen_surprise
D:2:      layout_basic, uniq_crazy_yiuf_cottage, uniq_sigmund, uniq_jessica,
          uniq_terence

Skill      XL: |  1  2 |
---------------+-------+-----
Transmutations | 3 4 |  4.4
Fighting       | |  1.1
Dodging        | |  2.6
Unarmed Combat | |  3.2
Spellcasting   | |  2.0

Action                   || total
-------------------------++-------
Melee: Unarmed           ||    49
       Headbutt          ||     6
       Punch             ||     1
 Cast: Beastly Appendage ||    13
Armor: Robe              ||     6
Dodge: Dodged            ||    23

Table legend: (Time is in decaauts)
 A = Elapsed time spent in this place.
 B = Non-inter-level travel time spent in this place.
 C = Inter-level travel time spent in this place.
 D = Time resting spent in this place.
 E = Time spent auto-exploring this place.
 F = Levels seen in this place.
 G = Mean time per level.
                   A        B        C        D        E       F      G
               +--------+--------+--------+--------+--------+-----+--------+
         Total |   1187 |   1187 |      0 |    166 |    875 |   2 |  593.5 |
       Dungeon |   1187 |   1187 |      0 |    166 |    875 |   2 |  593.5 |
               +--------+--------+--------+--------+--------+-----+--------+

Top non-repeatable levels by time:
     D:2: 712 daAuts
     D:1: 475 daAuts
